[Event "December 12 Late 2023"]
[Site "https://www.chess.com"]
[Date "2023.12.12"]
[Round "4"]
[White "Nadera, Barlo A."]
[Black "Skaric, Djuro"]
[Result "1-0"]
[Board "148"]
[TimeControl "180+1"]
[WhiteFideId "5200598"]
[BlackFideId "934569"]
[WhiteElo "2161"]
[BlackElo "2370"]
[WhiteTeam "PHI"]
[BlackTeam "SRB"]
[WhiteClock "0:00:37"]
[BlackClock "0:00:00"]

1. d4 d6 2. c4 g6 3. Nc3 Bg7 4. e4 Nf6 5. Be2 O-O 6. g4 Nc6 7. d5 Ne5 8. g5 Nh5 9. f4 Nd7 10. Bxh5 gxh5 11. Qxh5 e6 12. Nge2 Nc5 13. O-O exd5 14. cxd5 Re8 15. Qf3 f5 16. gxf6 Qxf6 17. Ng3 Qh4 18. Be3 Bg4 19. Qf2 Nd7 20. Rac1 a6 21. Rfe1 Nf6 22. Bd4 Re7 23. e5 Nh5 24. Nxh5 Qxf2+ 25. Bxf2 Bxh5 26. exd6 Rxe1+ 27. Rxe1 cxd6 28. Re6 Bf8 29. Ne4 Bf7 30. Rf6 Bxd5 31. Nxd6 Rd8 32. Nf5 Bxa2 33. Bb6 Rd1+ 34. Kf2 Rd2+ 35. Kg3 Rxb2 36. Bd4 Rb3+ 37. Kg4 Rd3 38. Be5 Bf7 39. Nh6+ Bxh6 40. Rxh6 Bd5 41. Kg5 Rd2 42. Rd6 Rg2+ 43. Kf5 Bc6 44. h4 Kf7 45. Rd8 a5 46. h5 a4 47. Bd6 h6 48. Rf8+ Kg7 49. Ra8 Rd2 50. Be5+ Kf7 51. Rh8 a3 52. Rxh6 Ke8 53. Rh8+ Kd7 54. Ra8 a2 55. h6 Rh2 56. Kg6 Be4+ 57. f5 Rf2 58. Rf8 Rg2+ 59. Kf6 Rf2 60. Kg5 Rg2+ 61. Kf4 Bxf5 62. Rxf5 Rf2+ 63. Kg5 Rh2 64. Rf7+ Ke6 65. Bxh2 a1=Q 66. Rxb7 Qc1+ 67. Kg6 Qc2+ 68. Kg7 1-0

[Event "December 12 Late 2023"]
[Site "https://www.chess.com"]
[Date "2023.12.12"]
[Round "4"]
[White "Hartikainen, Jarmo"]
[Black "Ramadoss, Ashokkumar"]
[Result "0-1"]
[Board "149"]
[TimeControl "180+1"]
[WhiteFideId "503134"]
[BlackFideId "5040990"]
[WhiteElo "2127"]
[BlackElo "2319"]
[WhiteTeam "FIN"]
[BlackTeam "IND"]
[WhiteClock "0:00:00"]
[BlackClock "0:01:51"]

1. e4 e6 2. d4 d5 3. Nd2 Be7 4. Ngf3 Nf6 5. e5 Nfd7 6. Bd3 c5 7. c3 Nc6 8. Bc2 Qb6 9. Nb3 cxd4 10. cxd4 Nb4 11. Bb1 a5 12. Be3 a4 13. Nc1 a3 14. b3 Nb8 15. O-O Bd7 16. Re1 Bb5 17. h4 h6 18. h5 N8c6 19. Nd3 Nxd3 20. Bxd3 Bxd3 21. Qxd3 Nb4 22. Qd2 Rc8 23. Rec1 Kd7 24. Ne1 Qa6 25. Kh2 b6 26. Nf3 Qd3 27. Qxd3 Nxd3 28. Rxc8 Rxc8 29. g3 Rc2 30. Kg2 Nb4 31. Ne1 Rxa2 32. Rxa2 Nxa2 33. Nc2 Kc6 0-1

[Event "December 12 Late 2023"]
[Site "https://www.chess.com"]
[Date "2023.12.12"]
[Round "4"]
[White "Bonin, Jay"]
[Black "ogpin"]
[Result "1/2-1/2"]
[Board "150"]
[TimeControl "180+1"]
[WhiteFideId "2000644"]
[WhiteElo "2317"]
[BlackElo "2123"]
[WhiteTeam "USA"]
[WhiteClock "0:01:59"]
[BlackClock "0:01:34"]

1. d4 Nf6 2. Nf3 b6 3. Bg5 Bb7 4. Bxf6 exf6 5. Nbd2 g6 6. e3 Bg7 7. Bd3 O-O 8. O-O Nc6 9. a3 Re8 10. c4 f5 11. Rc1 a5 12. c5 bxc5 13. Rxc5 d6 14. Rc3 Ne7 15. Qc2 Nd5 16. Rb3 Rb8 17. Bc4 Nb6 18. Bd3 Nd5 19. Bc4 Nb6 20. Bd3 Nd5 1/2-1/2

[Event "December 12 Late 2023"]
[Site "https://www.chess.com"]
[Date "2023.12.12"]
[Round "4"]
[White "Powell, Paul"]
[Black "Silvestre, Christian"]
[Result "0-1"]
[Board "151"]
[TimeControl "180+1"]
[WhiteFideId "2005840"]
[BlackFideId "30956269"]
[WhiteElo "2123"]
[BlackElo "2306"]
[WhiteTeam "USA"]
[BlackTeam "USA"]
[WhiteClock "0:00:04"]
[BlackClock "0:01:46"]

1. d4 e5 2. dxe5 Nc6 3. Nf3 Qe7 4. Nc3 Nxe5 5. Nxe5 Qxe5 6. Qd5 Qxd5 7. Nxd5 Kd8 8. Bg5+ f6 9. Bf4 d6 10. O-O-O c6 11. Nc3 Kc7 12. e4 Be6 13. Be2 Nh6 14. h3 Nf7 15. Bh2 a5 16. Kb1 a4 17. a3 b5 18. f4 Be7 19. Rhf1 Rhb8 20. f5 Bd7 21. g4 Ne5 22. h4 b4 23. axb4 Rxb4 24. Kc1 a3 25. bxa3 Rxa3 26. Kd2 Bc8 27. Ra1 Rd4+ 28. Bd3 Nc4+ 29. Kc1 Rxc3 30. Ra7+ Bb7 31. g5 Rdxd3 32. gxf6 Bxf6 0-1

[Event "December 12 Late 2023"]
[Site "https://www.chess.com"]
[Date "2023.12.12"]
[Round "4"]
[White "Bazzano, Sebastian"]
[Black "Estevez Polanco, Leonardo Rafael"]
[Result "1-0"]
[Board "152"]
[TimeControl "180+1"]
[WhiteFideId "104566"]
[BlackFideId "6402798"]
[WhiteElo "2304"]
[BlackElo "2095"]
[WhiteTeam "ARG"]
[BlackTeam "DOM"]
[WhiteClock "0:01:22"]
[BlackClock "0:01:23"]

1. d4 Nf6 2. Bf4 c5 3. e3 Qb6 4. b3 e6 5. Nf3 Nc6 6. Be2 cxd4 7. exd4 Nd5 8. Bg3 Bb4+ 9. Kf1 Nc3 10. Nxc3 Bxc3 11. Rb1 Nxd4 12. Nxd4 Qxd4 13. Bd3 O-O 14. h4 e5 15. h5 e4 16. Bc4 Qxd1+ 17. Rxd1 a6 18. Bd5 Re8 19. Rh4 Bf6 20. Rxe4 Rxe4 21. Bxe4 d5 22. Bxd5 Bg4 23. f3 Bxh5 24. Bxb7 Ra7 25. Rd7 a5 26. Bf2 1-0

[Event "December 12 Late 2023"]
[Site "https://www.chess.com"]
[Date "2023.12.12"]
[Round "4"]
[White "Nechitaylo, Nikita"]
[Black "Kniazev, Igor"]
[Result "1-0"]
[Board "153"]
[TimeControl "180+1"]
[WhiteFideId "34138161"]
[BlackFideId "4136349"]
[WhiteElo "2280"]
[BlackElo "2094"]
[WhiteTeam "UKR"]
[BlackTeam "RUS"]
[WhiteClock "0:00:55"]
[BlackClock "0:00:34"]

1. d4 Nf6 2. c4 c5 3. d5 b5 4. cxb5 a6 5. bxa6 Bxa6 6. Nc3 g6 7. e4 Bxf1 8. Kxf1 d6 9. Nf3 Bg7 10. g3 O-O 11. Kg2 Qa5 12. a4 Ng4 13. Bd2 Na6 14. h3 Ne5 15. Nxe5 Bxe5 16. f4 Bd4 17. Nb5 Qb6 18. Nxd4 cxd4 19. b4 Rfc8 20. Qe2 Nxb4 21. Rhb1 d3 22. Qe1 Rc2 23. Kh1 Rxd2 24. Qxd2 Rb8 25. a5 Qd4 26. a6 Qxe4+ 27. Kh2 Nxa6 28. Rxb8+ Nxb8 29. Ra8 Qe2+ 30. Qxe2 dxe2 31. Rxb8+ Kg7 32. Rb1 Kf6 33. Re1 e6 34. Rxe2 exd5 35. Kg2 1-0

[Event "December 12 Late 2023"]
[Site "https://www.chess.com"]
[Date "2023.12.12"]
[Round "4"]
[White "Player, Edmund C"]
[Black "Hernandez Bonilla, Amelia"]
[Result "1-0"]
[Board "154"]
[TimeControl "180+1"]
[WhiteFideId "406520"]
[BlackFideId "3900193"]
[WhiteElo "2278"]
[BlackElo "2030"]
[WhiteTeam "ENG"]
[BlackTeam "VEN"]
[WhiteClock "0:00:05"]
[BlackClock "0:00:00"]

1. Nc3 c5 2. e4 d6 3. f4 Nc6 4. Nf3 Bg4 5. Bb5 e6 6. Bxc6+ bxc6 7. O-O Be7 8. d3 Nf6 9. h3 Bxf3 10. Qxf3 O-O 11. f5 e5 12. g4 Ne8 13. Ne2 Rb8 14. Ng3 Bg5 15. b3 Bxc1 16. Raxc1 a5 17. a4 d5 18. Nh5 f6 19. h4 Rb4 20. Kh1 c4 21. Rg1 cxd3 22. cxd3 dxe4 23. dxe4 Qd4 24. Rce1 Nd6 25. Ng3 Rfb8 26. Re3 Qb6 27. g5 fxg5 28. f6 Rxb3 29. Rxb3 Qxb3 30. Qg4 Qe3 31. fxg7 Re8 32. Rg2 1-0

[Event "December 12 Late 2023"]
[Site "https://www.chess.com"]
[Date "2023.12.12"]
[Round "5"]
[White "Salem, A.R. Saleh"]
[Black "Nihal Sarin"]
[Result "0-1"]
[Board "1"]
[TimeControl "180+1"]
[WhiteFideId "9301348"]
[BlackFideId "25092340"]
[WhiteElo "3009"]
[BlackElo "3149"]
[WhiteTeam "UAE"]
[BlackTeam "IND"]
[WhiteClock "0:00:08"]
[BlackClock "0:00:54"]

1. d4 d5 2. c4 c6 3. Nf3 Nf6 4. Nc3 a6 5. g3 g6 6. Bg2 Bg7 7. O-O O-O 8. cxd5 cxd5 9. Ne5 e6 10. Bf4 Nh5 11. Be3 Nd7 12. f4 b5 13. Rc1 Bb7 14. Bf2 Nhf6 15. a3 Rc8 16. e3 Nb6 17. Nd3 Nc4 18. Qe2 Nd7 19. g4 Re8 20. g5 Qa5 21. h4 Rc7 22. Be1 Qb6 23. Ra1 Nxe3 24. Rf3 Bxd4 25. Bf2 Nxg2 26. Bxd4 Qxd4+ 27. Kxg2 e5 28. Nf2 e4 29. Rg3 Qc4 30. Qxc4 Rxc4 31. Re1 d4 0-1

[Event "December 12 Late 2023"]
[Site "https://www.chess.com"]
[Date "2023.12.12"]
[Round "5"]
[White "Hakobyan, Aram"]
[Black "Duda, Jan-Krzysztof"]
[Result "1-0"]
[Board "2"]
[TimeControl "180+1"]
[WhiteFideId "13306677"]
[BlackFideId "1170546"]
[WhiteElo "3007"]
[BlackElo "3069"]
[WhiteTeam "ARM"]
[BlackTeam "POL"]
[WhiteClock "0:00:31"]
[BlackClock "0:00:00"]

1. d4 Nf6 2. c4 g6 3. Nc3 d5 4. cxd5 Nxd5 5. e4 Nxc3 6. bxc3 Bg7 7. Nf3 c5 8. Bb5+ Nc6 9. O-O O-O 10. Bxc6 bxc6 11. Qc2 cxd4 12. cxd4 Bg4 13. Ne5 Qxd4 14. Bb2 Qb6 15. Rab1 Bxe5 16. Bxe5 Qa5 17. Bc3 Qc5 18. Qb2 a5 19. Rbc1 Rfb8 20. Qd2 Qh5 21. Ba1 Qb5 22. h3 Be6 23. f4 Rd8 24. Qf2 f6 25. f5 Bc4 26. Rfe1 Rd7 27. e5 Rf8 28. Qg3 Bd3 29. exf6 exf6 30. fxg6 hxg6 31. Qf2 Bc4 32. Re4 Bd5 33. Rf4 Rdf7 34. Qg3 g5 35. Rxf6 Rxf6 36. Qxg5+ Kf7 37. Qxf6+ Ke8 38. Re1+ 1-0

[Event "December 12 Late 2023"]
[Site "https://www.chess.com"]
[Date "2023.12.12"]
[Round "5"]
[White "Cordova, Emilio"]
[Black "Martinez Alcantara, Jose Eduardo"]
[Result "0-1"]
[Board "3"]
[TimeControl "180+1"]
[WhiteFideId "3801497"]
[BlackFideId "3805662"]
[WhiteElo "2928"]
[BlackElo "3066"]
[WhiteTeam "PER"]
[BlackTeam "PER"]
[WhiteClock "0:00:00"]
[BlackClock "0:00:06"]

1. d4 Nf6 2. Bg5 e6 3. Nd2 c5 4. e3 h6 5. Bh4 Nc6 6. c3 Be7 7. Bd3 b6 8. Ngf3 Bb7 9. O-O cxd4 10. exd4 O-O 11. Re1 d6 12. Rc1 Nh5 13. Bg3 Nxg3 14. hxg3 Re8 15. Bb1 Bf8 16. Ne4 d5 17. Ned2 g6 18. g4 b5 19. g3 b4 20. Nh4 Bg7 21. Nb3 bxc3 22. bxc3 e5 23. Nc5 Qc7 24. g5 hxg5 25. Nxg6 e4 26. Nxb7 Qxb7 27. Ne5 Bxe5 28. dxe5 Nxe5 29. Re3 Nf3+ 30. Kg2 Rad8 31. Rxf3 exf3+ 32. Qxf3 Kf8 33. Rh1 g4 34. Qxg4 d4+ 35. Kh2 d3 36. Qg5 Rd6 37. Rd1 Ree6 38. Bxd3 Rh6+ 0-1

[Event "December 12 Late 2023"]
[Site "https://www.chess.com"]
[Date "2023.12.12"]
[Round "5"]
[White "Lazavik, Denis"]
[Black "Sjugirov, Sanan"]
[Result "1-0"]
[Board "4"]
[TimeControl "180+1"]
[WhiteFideId "13515110"]
[BlackFideId "4189302"]
[WhiteElo "3061"]
[BlackElo "2925"]
[WhiteTeam "BLR"]
[BlackTeam "HUN"]
[WhiteClock "0:00:19"]
[BlackClock "0:00:05"]

1. d4 Nf6 2. c4 e6 3. Nf3 b6 4. g3 Bb7 5. Bg2 Bb4+ 6. Bd2 c5 7. Bxb4 cxb4 8. O-O O-O 9. Qd3 d6 10. Nbd2 Qe7 11. Rfd1 h6 12. Ne1 Bxg2 13. Kxg2 Nc6 14. Nc2 a5 15. e4 Rfc8 16. f3 Qb7 17. Nf1 Rab8 18. Nfe3 b5 19. cxb5 Qxb5 20. Qxb5 Rxb5 21. Rac1 d5 22. e5 Nd7 23. Ne1 Rbb8 24. f4 a4 25. Kf2 b3 26. a3 Na5 27. Nd3 Nb6 28. Nc5 Nac4 29. Nxc4 Nxc4 30. Rxc4 dxc4 31. Nxa4 Rd8 32. Nc3 Rb7 33. Ke3 Rbd7 34. Ne2 g5 35. Rc1 Rc7 36. Kd2 Kg7 37. Kc3 Kg6 38. Rf1 Kf5 39. fxg5+ Kxg5 40. Rf4 h5 41. h4+ Kg6 42. Rf6+ Kg7 43. Nf4 Rh8 44. Rxe6 Kf8 45. Rf6 Ke8 46. Nd5 Rc8 47. Nb6 Rc7 48. Nxc4 Rg8 49. Rf3 Rg4 50. Rd3 Ke7 51. Kxb3 Ke6 52. d5+ Kf5 53. d6 Rd7 54. Kc3 Ke4 55. Rd4+ Kf3 56. e6 1-0

[Event "December 12 Late 2023"]
[Site "https://www.chess.com"]
[Date "2023.12.12"]
[Round "5"]
[White "Gorovets, Andrey"]
[Black "Bluebaum, Matthias"]
[Result "0-1"]
[Board "5"]
[TimeControl "180+1"]
[WhiteFideId "13504037"]
[BlackFideId "24651516"]
[WhiteElo "2840"]
[BlackElo "3041"]
[WhiteTeam "BLR"]
[BlackTeam "GER"]
[WhiteClock "0:00:00"]
[BlackClock "0:00:40"]

1. Nf3 d5 2. g3 Nf6 3. Bg2 e6 4. c4 Bd6 5. b3 O-O 6. Bb2 Nc6 7. d4 dxc4 8. bxc4 e5 9. dxe5 Bb4+ 10. Nbd2 Ne4 11. a3 Ba5 12. Rc1 Bg4 13. Rc2 Bxf3 14. Bxf3 Nxd2 15. Rxd2 Qg5 16. Bd5 Bxd2+ 17. Qxd2 Qf5 18. Qd3 Qxd3 19. exd3 Nxe5 20. Bxe5 Rfe8 21. f4 c6 22. Be4 f6 23. d4 fxe5 24. dxe5 Rad8 25. Ke2 Rd4 26. Bd3 Red8 27. Rd1 g6 28. Bc2 Rxd1 29. Bxd1 b5 30. Bb3 Kf8 31. Ke3 a5 32. g4 a4 33. Ba2 b4 34. axb4 Rb8 35. Kd3 Rxb4 36. Kc3 c5 37. f5 gxf5 38. gxf5 Ke7 39. h4 h6 40. h5 Kf7 41. Kc2 Ke7 42. Kc3 Rb8 43. e6 Kf6 0-1

[Event "December 12 Late 2023"]
[Site "https://www.chess.com"]
[Date "2023.12.12"]
[Round "5"]
[White "Przybylski, Wojciech"]
[Black "Drygalov, Sergey"]
[Result "0-1"]
[Board "6"]
[TimeControl "180+1"]
[WhiteFideId "1117599"]
[BlackFideId "24171743"]
[WhiteElo "2587"]
[BlackElo "3011"]
[WhiteTeam "POL"]
[BlackTeam "RUS"]
[WhiteClock "0:00:03"]
[BlackClock "0:00:54"]

1. e4 c5 2. Nf3 d6 3. Bb5+ Nd7 4. Ba4 Nf6 5. Nc3 a6 6. Bb3 b5 7. d3 e6 8. O-O Be7 9. a4 b4 10. Ne2 O-O 11. Be3 a5 12. h3 Qc7 13. Rc1 Ba6 14. c3 Rab8 15. c4 Bb7 16. Ng3 Rfe8 17. Qe2 d5 18. Bd2 dxe4 19. dxe4 Bd6 20. Nh1 Nxe4 21. Be3 Ne5 22. Rfd1 Nxf3+ 23. gxf3 Nf6 24. Bc2 Bf4 25. Kg2 Nh5 26. Be4 Bxe3 27. fxe3 Bxe4 28. fxe4 Qe5 29. Nf2 Rbd8 30. Rxd8 Rxd8 31. Rd1 Rxd1 32. Qxd1 g6 33. Qd2 Kg7 34. b3 Nf6 35. Qd3 h5 36. Kf3 h4 37. Qd8 Qg3+ 38. Ke2 Qg2 39. Qa8 Nh5 40. Qb8 Ng3+ 41. Kd3 Qxf2 42. Qe5+ Qf6 43. Qxc5 Qc3# 0-1

[Event "December 12 Late 2023"]
[Site "https://www.chess.com"]
[Date "2023.12.12"]
[Round "5"]
[White "Dubov, Daniil"]
[Black "Makarian, Rudik"]
[Result "1-0"]
[Board "7"]
[TimeControl "180+1"]
[WhiteFideId "24126055"]
[BlackFideId "44105681"]
[WhiteElo "3120"]
[BlackElo "2932"]
[WhiteTeam "RUS"]
[BlackTeam "FID"]
[WhiteClock "0:00:05"]
[BlackClock "0:00:00"]

1. d4 Nf6 2. Bf4 c5 3. d5 d6 4. Nc3 e5 5. dxe6 Bxe6 6. e4 Be7 7. Nf3 O-O 8. Be2 Nc6 9. O-O d5 10. exd5 Nxd5 11. Nxd5 Bxd5 12. c3 Re8 13. Re1 Bf6 14. Be3 b6 15. Qa4 Qc7 16. Rad1 Red8 17. Bf4 Qc8 18. Ba6 Qf5 19. Rxd5 Qxd5 20. Bb7 b5 21. Qxb5 Qf5 22. Bxa8 Ne7 23. Be5 Bxe5 24. Be4 1-0

[Event "December 12 Late 2023"]
[Site "https://www.chess.com"]
[Date "2023.12.12"]
[Round "5"]
[White "Andreikin, Dmitry"]
[Black "Melkumyan, Hrant"]
[Result "1/2-1/2"]
[Board "8"]
[TimeControl "180+1"]
[WhiteFideId "4158814"]
[BlackFideId "13302485"]
[WhiteElo "3106"]
[BlackElo "2907"]
[WhiteTeam "FID"]
[BlackTeam "ARM"]
[WhiteClock "0:00:05"]
[BlackClock "0:00:05"]

1. d4 d5 2. c4 e6 3. Nf3 Nf6 4. Bg5 Be7 5. e3 Nbd7 6. Qc2 h6 7. Bxf6 Nxf6 8. Nc3 O-O 9. Rd1 c5 10. dxc5 Qa5 11. a3 dxc4 12. Bxc4 Qxc5 13. Ba2 b6 14. O-O Ba6 15. Rfe1 Rfd8 16. Qa4 Bb7 17. Rxd8+ Rxd8 18. Qxa7 Bxf3 19. gxf3 Rd2 20. Re2 Rd7 21. Qa8+ Bf8 22. f4 b5 23. Kg2 b4 24. axb4 Qxb4 25. Rc2 g6 26. Ne2 Qb7+ 27. Qxb7 Rxb7 28. Nd4 Ne4 29. Bc4 Bg7 30. b3 Bxd4 31. exd4 Nd6 32. Kf3 Kg7 33. Ke3 Kf6 34. Kd3 Nf5 35. Kc3 Ne7 36. Kd3 Kf5 37. Ke3 Nd5+ 38. Bxd5 exd5 39. Rb2 Rb4 40. h3 h5 41. Rb1 Ke6 42. Kd3 Kf5 43. Ke3 Ke6 44. Kd3 Kf5 45. Kc3 Rb5 46. b4 Kxf4 47. Ra1 Rb8 48. Ra5 Kf3 49. Rxd5 Kxf2 50. Rd7 f5 51. Rg7 f4 52. Rxg6 f3 53. Rg5 Ke2 54. Re5+ Kd1 55. Rxh5 f2 56. Rf5 Ke2 57. d5 f1=Q 58. Rxf1 Kxf1 59. Kc4 Rh8 60. d6 Rh4+ 61. Kc5 Rxh3 62. b5 Rc3+ 63. Kd5 Rd3+ 64. Kc6 Rc3+ 65. Kb7 Rd3 66. Kc7 Rc3+ 67. Kd8 Rb3 68. d7 Rxb5 69. Ke7 Rd5 70. Ke6 Rxd7 71. Kxd7 1/2-1/2

[Event "December 12 Late 2023"]
[Site "https://www.chess.com"]
[Date "2023.12.12"]
[Round "5"]
[White "Indjic, Aleksandar"]
[Black "Erigaisi Arjun"]
[Result "0-1"]
[Board "9"]
[TimeControl "180+1"]
[WhiteFideId "911925"]
[BlackFideId "35009192"]
[WhiteElo "2906"]
[BlackElo "3095"]
[WhiteTeam "SRB"]
[BlackTeam "IND"]
[WhiteClock "0:00:00"]
[BlackClock "0:01:18"]

1. d4 g6 2. e4 Bg7 3. Nc3 d6 4. Be3 a6 5. Nf3 b5 6. Bd3 Bb7 7. a4 b4 8. Ne2 Nf6 9. Ng3 h5 10. Bg5 Nh7 11. Bd2 Nc6 12. c3 a5 13. Qe2 e6 14. h3 h4 15. Nf1 O-O 16. N1h2 f5 17. exf5 exf5 18. O-O Re8 19. Qd1 d5 20. Qb3 Bf6 21. Rfe1 Qd6 22. Bb5 Re4 23. Bd3 Kg7 24. Nf1 Rae8 25. Ne3 R4e6 26. Bb5 Nf8 27. Bxc6 Qxc6 28. cxb4 axb4 29. Rac1 Qd7 30. Qxb4 Rb6 31. Qa3 Ne6 32. b4 Nxd4 33. Nxd4 Bxd4 34. b5 Rbe6 35. Red1 Kh7 36. Ba5 Be5 37. Rc5 Bd6 38. Qc3 Bxc5 39. Qxc5 c6 40. b6 Re4 41. Bc3 Qe7 42. Qxe7+ R8xe7 43. a5 Ra4 44. Bd2 d4 45. Nf1 c5 0-1

[Event "December 12 Late 2023"]
[Site "https://www.chess.com"]
[Date "2023.12.12"]
[Round "5"]
[White "Pranav, V"]
[Black "Kamsky, Gata"]
[Result "1-0"]
[Board "10"]
[TimeControl "180+1"]
[WhiteFideId "25060783"]
[BlackFideId "2000024"]
[WhiteElo "3052"]
[BlackElo "2867"]
[WhiteTeam "IND"]
[BlackTeam "USA"]
[WhiteClock "0:00:16"]
[BlackClock "0:00:00"]

1. Nf3 Nf6 2. g3 g6 3. Bg2 Bg7 4. O-O O-O 5. d3 d5 6. Nbd2 Nc6 7. e4 dxe4 8. dxe4 e5 9. Qe2 a5 10. Rd1 Qe7 11. a4 b6 12. Nc4 Ba6 13. b3 Rfd8 14. Bb2 Ne8 15. Bf1 Nd6 16. Ba3 Bxc4 17. bxc4 Nd4 18. Nxd4 exd4 19. Bg2 Rab8 20. c5 bxc5 21. Bxc5 d3 22. cxd3 Bxa1 23. Rxa1 Qe6 24. Qe3 Rb3 25. Bf1 Rdb8 26. Bd4 Rb1 27. Kg2 R8b4 28. Rxb1 Rxb1 29. Qg5 Rb4 30. Qd8+ Ne8 31. Bc5 Rxa4 32. Be7 Qc6 33. Be2 Ra2 34. Bg4 f5 35. Bf3 Kf7 36. exf5 1-0

[Event "December 12 Late 2023"]
[Site "https://www.chess.com"]
[Date "2023.12.12"]
[Round "5"]
[White "Wieczorek, Oskar"]
[Black "Sarana, Alexey"]
[Result "0-1"]
[Board "11"]
[TimeControl "180+1"]
[WhiteFideId "1133950"]
[BlackFideId "24133795"]
[WhiteElo "2774"]
[BlackElo "3041"]
[WhiteTeam "POL"]
[BlackTeam "SRB"]
[WhiteClock "0:00:05"]
[BlackClock "0:01:50"]

1. e4 c5 2. Nf3 d6 3. d4 cxd4 4. Nxd4 Nf6 5. Nc3 a6 6. h4 e5 7. Nb3 Be7 8. Bg5 Be6 9. Bxf6 Bxf6 10. g3 Nc6 11. Qd2 a5 12. Bb5 O-O 13. a4 Qc7 14. O-O-O Rfd8 15. Kb1 Nb4 16. Nd5 Nxd5 17. exd5 Bg4 18. Be2 Bd7 19. g4 Bxa4 20. g5 Be7 21. h5 Bf8 22. g6 h6 23. Bg4 Be8 24. gxf7+ Bxf7 25. f4 a4 26. Nc1 e4 27. Be6 Bxe6 28. dxe6 d5 29. Na2 a3 30. b3 d4 31. f5 Qe5 32. Rhf1 Rac8 33. Qe2 Be7 34. Rd3 Bf6 35. e7 Re8 36. Rdd1 d3 0-1

[Event "December 12 Late 2023"]
[Site "https://www.chess.com"]
[Date "2023.12.12"]
[Round "5"]
[White "Paravyan, David"]
[Black "Onyshchuk, Volodymyr"]
[Result "1-0"]
[Board "12"]
[TimeControl "180+1"]
[WhiteFideId "4194985"]
[BlackFideId "14114038"]
[WhiteElo "3029"]
[BlackElo "2772"]
[WhiteTeam "FID"]
[BlackTeam "UKR"]
[WhiteClock "0:00:19"]
[BlackClock "0:00:00"]

1. e4 d6 2. d4 Nf6 3. Nc3 g6 4. Nf3 Bg7 5. Be2 O-O 6. O-O c6 7. a4 a5 8. Bg5 h6 9. Be3 Nbd7 10. h3 e5 11. dxe5 dxe5 12. Bc4 Qe7 13. Qe2 Nc5 14. Rfe1 Nfd7 15. Nd2 Ne6 16. Bxe6 Qxe6 17. Rad1 Qe7 18. Nc4 Nc5 19. Nb6 Rb8 20. Nxc8 Rfxc8 21. Qc4 Ne6 22. Ne2 b5 23. Qa2 bxa4 24. c3 a3 25. bxa3 a4 26. Qc4 Qxa3 27. Ra1 Qb3 28. Rxa4 Qxc4 29. Rxc4 Bf8 30. Nc1 Rb1 31. Kf1 Bd6 32. Nd3 Rxe1+ 33. Kxe1 Kf8 34. Bxh6+ Ke7 35. Be3 Kd7 36. Ra4 Rb8 37. Ra7+ Ke8 38. h4 Rb1+ 39. Ke2 Rb3 40. Kd2 Rb8 41. g3 c5 42. Kc2 c4 43. Nb2 Bc5 44. Bxc5 Nxc5 45. f3 1-0

[Event "December 12 Late 2023"]
[Site "https://www.chess.com"]
[Date "2023.12.12"]
[Round "5"]
[White "Yoo, Christopher Woojin"]
[Black "Martinez Ramirez, Lennis"]
[Result "1-0"]
[Board "13"]
[TimeControl "180+1"]
[WhiteFideId "30909694"]
[BlackFideId "3509079"]
[WhiteElo "3008"]
[BlackElo "2721"]
[WhiteTeam "USA"]
[BlackTeam "CUB"]
[WhiteClock "0:01:11"]
[BlackClock "0:00:46"]

1. d4 Nf6 2. Nf3 d5 3. c4 e6 4. Nc3 a6 5. cxd5 exd5 6. Bg5 Be6 7. Qb3 Nc6 8. e3 Be7 9. Bxf6 Bxf6 10. Qxb7 Kd7 11. Qb3 Qb8 12. Qc2 Qb4 13. a3 Qa5 14. Be2 Rhb8 15. O-O Ne7 16. Na4 c6 17. Nc5+ Ke8 18. Qxh7 g6 19. b4 Qc7 20. Nxa6 Rxa6 21. Bxa6 Nf5 22. g4 Nd6 23. g5 Be7 24. Ne5 Bxg5 25. Qh8+ Ke7 26. Qxb8 1-0

[Event "December 12 Late 2023"]
[Site "https://www.chess.com"]
[Date "2023.12.12"]
[Round "5"]
[White "Sanchez Enriquez, Oscar Gerardo"]
[Black "Smirnov, Anton"]
[Result "0-1"]
[Board "14"]
[TimeControl "180+1"]
[WhiteFideId "5106311"]
[BlackFideId "3208923"]
[WhiteElo "2528"]
[BlackElo "2974"]
[WhiteTeam "MEX"]
[BlackTeam "AUS"]
[WhiteClock "0:00:01"]
[BlackClock "0:01:04"]

1. e4 c5 2. Nf3 d6 3. Bc4 Nf6 4. Qe2 Nc6 5. h3 g6 6. O-O Bg7 7. d3 O-O 8. a3 d5 9. Ba2 e6 10. Re1 h6 11. Nc3 b6 12. Bf4 Bb7 13. Rad1 Kh7 14. Bh2 a6 15. Ne5 d4 16. Nxc6 Bxc6 17. Nb1 Qe7 18. Nd2 e5 19. Nc4 Nd7 20. f4 Rac8 21. Rf1 b5 22. Nxe5 Nxe5 23. fxe5 Bd7 24. Rf3 Be6 25. Bxe6 fxe6 26. Rdf1 Rxf3 27. Qxf3 Rc7 28. Bf4 c4 29. Qf2 Rd7 30. h4 a5 31. h5 g5 32. Bg3 Qc5 33. Qf3 c3 34. b3 Qxa3 35. Qg4 Qe7 36. Ra1 Ra7 37. Qf3 a4 38. bxa4 bxa4 39. Qf2 Qc5 40. Rf1 a3 41. Ra1 a2 42. Qf3 Qb4 43. Kh2 Qb1 44. Rxa2 Qxa2 45. Qg4 Re7 46. Bh4 gxh4 47. Qg6+ Kh8 0-1

[Event "December 12 Late 2023"]
[Site "https://www.chess.com"]
[Date "2023.12.12"]
[Round "5"]
[White "Carlsen, Magnus"]
[Black "Rosen, Eric"]
[Result "1-0"]
[Board "15"]
[TimeControl "180+1"]
[WhiteFideId "1503014"]
[BlackFideId "2032562"]
[WhiteElo "3317"]
[BlackElo "2694"]
[WhiteTeam "NOR"]
[BlackTeam "USA"]
[WhiteClock "0:01:20"]
[BlackClock "0:00:01"]

1. e4 c5 2. b4 cxb4 3. a3 d5 4. exd5 Qxd5 5. Nf3 e5 6. c4 Qe6 7. d4 exd4+ 8. Be2 Nc6 9. O-O Nf6 10. Re1 Be7 11. Bd3 Qd7 12. axb4 O-O 13. b5 Nb4 14. Ba3 Bc5 15. Bf1 a5 16. Nbd2 Rd8 17. Nb3 b6 18. Nfxd4 Bb7 19. Nxc5 bxc5 20. Nb3 Qc7 21. Qc1 Ng4 22. f4 a4 23. Nd2 Qxf4 24. Nf3 Qxc1 25. Raxc1 Bxf3 26. gxf3 Nf6 27. Red1 Kf8 28. f4 Rxd1 29. Rxd1 Ke7 30. Bg2 Rd8 31. Re1+ Kd6 32. Bb2 Nd3 33. Rd1 Kc7 34. Bc3 Ng4 35. Ba5+ Kc8 36. Bxd8 Nb2 37. b6 Nxd1 38. b7+ Kxd8 39. b8=Q+ Ke7 40. Qc7+ Kf6 41. Qd6+ Kf5 42. Qxd1 Kxf4 43. Qxa4 f5 44. Qb5 Kg5 45. Qxc5 h5 46. Qe7+ Kg6 47. h4 f4 48. Qg5+ Kf7 49. Qxh5+ g6 50. Qxg4 Kg7 51. Qxf4 Kh7 52. Qf6 Kh6 53. Qh8# 1-0

[Event "December 12 Late 2023"]
[Site "https://www.chess.com"]
[Date "2023.12.12"]
[Round "5"]
[White "Fedoseev, Vladimir"]
[Black "Wu, Derek"]
[Result "1-0"]
[Board "16"]
[TimeControl "180+1"]
[WhiteFideId "24130737"]
[BlackFideId "30914558"]
[WhiteElo "3046"]
[BlackElo "2692"]
[WhiteTeam "SLO"]
[BlackTeam "USA"]
[WhiteClock "0:00:47"]
[BlackClock "0:00:25"]

1. e4 c5 2. Nf3 e6 3. c3 d5 4. exd5 Qxd5 5. d4 Nf6 6. Na3 Nc6 7. Nb5 Qd7 8. Qa4 a6 9. Ne5 Nxe5 10. dxe5 Nd5 11. Be3 Rb8 12. Rd1 Be7 13. Nc7+ Kd8 14. Qxd7+ Bxd7 15. Nxd5 exd5 16. Rxd5 Kc7 17. Rd2 Be6 18. a3 b5 19. Be2 b4 20. cxb4 cxb4 21. O-O a5 22. Rc1+ Kb7 23. Bf3+ Ka6 24. Rc7 Bd8 25. Be2+ 1-0